 Dungeon Crawl Stone Soup version 0.29-a0-321-gf1c400731a (webtiles) character file.

Game seed: 12398567640549127197

1561 Dabor the Chopper (level 8, -8/71 HPs)
             Began as a Hill Orc Fighter on Apr 5, 2022.
             Was a Follower of Beogh.
             Killed by nerve-wracking pain
             ... invoked by a shadow imp
              (14 damage)
             ... on level 6 of the Dungeon.
             The game lasted 00:05:52 (5420 turns).

Dabor the Chopper (Hill Orc Fighter)                Turns: 5420, Time: 00:05:53

Health: -8/71      AC:  9    Str: 21    XL:     8   Next: 89%
Magic:  11/11      EV: 12    Int: 10    God:    Beogh [*.....]
Gold:   180        SH:  5    Dex: 12    Spells: 7/7 levels left

rFire   . . .      SeeInvis .   x - +11 mace "Quhaes" {freeze, Int+2}
rCold   + . .      Faith    +   c - +0 buckler
rNeg    . . .      Spirit   .   i - +0 troll leather armour {Pargi}
rPois   .          Reflect  .   r - +2 helmet
rElec   +          Harm     .   n - +0 cloak
rCorr   +          Rampage  .   (no gloves)
Will    .....                   (no boots)
Stlth   +.........              q - amulet of faith
HPRegen 1.01/turn               m - ring of resist corrosion
MPRegen 0.12/turn               u - ring of protection from cold

@: no status effects
A: agile 1, electricity resistance, MP-powered wands
a: Renounce Religion


You were on level 6 of the Dungeon.
You worshipped Beogh.
Beogh was aware of your devotion.
You visited 1 branch of the dungeon, and saw 6 of its levels.

You collected 180 gold pieces.

Inventory:

Hand Weapons
 a - a +0 war axe
 x - the +11 mace "Quhaes" (weapon) {freeze, Int+2}
   (You found it on level 3 of the Dungeon)

   It freezes those it strikes, dealing additional cold damage.
   It can also slow down cold-blooded creatures.
   Int:       It affects your intelligence (+2).
Missiles
 w - 2 throwing nets (quivered)
Armour
 b - a +0 scale mail
 c - a +0 buckler (worn)
 i - a +0 troll leather armour (worn) {Pargi}
 n - a +0 cloak (worn)
 r - a +2 helmet (worn)
Jewellery
 m - a ring of resist corrosion (left hand)
 q - an amulet of faith (around neck)
 u - a ring of protection from cold (right hand)
 E - the amulet "Asae" {RegenMP Regen+ Slay+3}
   (You found it on level 6 of the Dungeon)

   [amulet of magic regeneration]

   It increases your rate of magic regeneration.
   Slay:      It affects your accuracy & damage with ranged weapons and melee
   (+3).
   Regen:     It increases your rate of health regeneration.
Wands
 s - a wand of polymorph (3)
 D - a wand of iceblast (5)
Scrolls
 d - 2 scrolls of vulnerability {unknown}
 f - a scroll of silence {unknown}
 h - 2 scrolls of noise {unknown}
 j - 2 scrolls of blinking {unknown}
 k - 6 scrolls of identify {unknown}
 p - 4 scrolls of teleportation {unknown}
 v - a scroll of summoning {unknown}
 y - a scroll of enchant armour {unknown}
 A - a scroll of enchant weapon {unknown}
Potions
 e - 2 potions of mutation
 g - 2 potions of brilliance
 l - a potion of lignification {unknown}
 o - 2 potions of curing
 z - 2 potions of haste
 B - a potion of flight {unknown}
 C - a potion of magic {unknown}


   Skills:
 + Level 6.4 Fighting
 + Level 6.6 Axes
 + Level 6.0 Armour
 + Level 3.2 Dodging
 + Level 5.9 Shields
 + Level 4.8 Invocations


You had 7 spell levels left.
You didn't know any spells.
Your spell library contained the following spells:

 Spells                   Type           Power      Damage    Failure   Level
 Animate Skeleton         Necr           0%         N/A       50%         1
 Apportation              Tloc           0%         N/A       50%         1
 Summon Small Mammal      Summ           0%         N/A       50%         1
 Tukima's Dance           Hex            0%         N/A       86%         3
 Anguish                  Hex/Necr       0%         N/A       99%         4
 Hailstorm                Conj/Ice       0%         3d3       99%         4
 Ice Form                 Ice/Tmut       0%         N/A       99%         4
 Summon Lightning Spire   Summ/Air       0%         N/A       99%         4
 Simulacrum               Ice/Necr       0%         N/A       100%        6
 Enfeeble                 Hex            0%         N/A       100%        7
 Storm Form               Tmut/Air       0%         N/A       100%        7
 Maxwell's Capacitive Co  Air            0%         ∞         100%        8


Dungeon Overview and Level Annotations

Branches:
Dungeon (6/15)             Temple (0/1) D:6

Altars:
Sif Muna

Shops:
D:4 ![((


Innate Abilities, Weirdness & Mutations

You are agile. (Dex +2)
You are resistant to electric shocks. (rElec)
You expend magic power (3 MP) to strengthen your wands.


Message History

Beogh accepts your kill.
Your Armour skill increases to level 6!
Items here: ! ) [ †.
Press: ? - help, v - describe, . - travel, g - get item
Items here: ! ) [ †.
The floor, spattered with blood.
You sock the steam dragon! You freeze the steam dragon!
The steam dragon is severely wounded.
The steam dragon breathes steam at you. The ball of steam hits you!!
The steam dragon barely misses you. x2
The shadow imp shouts, "Run away, thou frothy spleeny varlet!"
You sock the steam dragon! You freeze the steam dragon.
The steam dragon is almost dead.
You are engulfed in a cloud of scalding steam.
The steam dragon breathes steam at you. The ball of steam hits you!
You are too injured to fight recklessly!
You are too injured to fight recklessly!
You closely miss the steam dragon.
The steam dragon is almost dead.
You are engulfed in a cloud of scalding steam.
* * * LOW HITPOINT WARNING * * *
The steam dragon bites you.
* * * LOW HITPOINT WARNING * * *
The steam dragon claws you.
* * * LOW HITPOINT WARNING * * *
You barely miss the steam dragon.
The steam dragon is almost dead.
You block the steam dragon's attack. The steam dragon claws you.
* * * LOW HITPOINT WARNING * * *
You thump the steam dragon! You freeze the steam dragon.
You kill the steam dragon!
Beogh accepts your kill.
The steam dragon scales are intact enough to wear.
The shadow imp gestures at you. Pain shoots through your body!
* * * LOW HITPOINT WARNING * * *
The shadow imp gestures at you. Pain shoots through your body!
You die...

#..## ##........##..
##..######..:..........
#....##...............>
##.......#.#............
#................†..##..
#........#.#........##
#.........).............
##........####.......!..#
#.........## ##@[..5###..
#..........## ##...## #
#...........# #.###
#...........## ..
#.....[......## ###
#.......[.....#
#.............#
#............##
#..........###


You could see a shadow imp.

Vanquished Creatures
  Maggie (D:6)
  Grinder (D:3)
  A steam dragon (D:6)
  A water moccasin (D:5)
  Pargi (D:3)
  An ogre (D:5)
  A bullfrog (D:5)
  2 necrophages
  3 scorpions (D:5)
  A howler monkey (D:5)
  2 hounds
  3 jellies
  Crazy Yiuf (D:3)
  Jessica (D:2)
  An iguana (D:5)
  Ijyb (D:5)
  An orc wizard (D:5)
  Robin (D:2)
  5 adders
  A worm (D:3)
  2 dart slugs
  8 orcs (D:5)
  4 endoplasms
  A giant cockroach (D:1)
  12 goblins
  8 hobgoblins
  A quokka (D:4)
  6 ball pythons
  A bat (D:3)
  6 frilled lizards
  4 kobolds
  5 rats
88 creatures vanquished.

Vanquished Creatures (others)
  2 adders (D:3)
  3 orcs (D:3)
  2 endoplasms (D:3)
  A quokka (D:3)
  A bat (D:3)
  A rat (D:3)
10 creatures vanquished.

Grand Total: 98 creatures vanquished

Notes
Turn   | Place    | Note
-------+----------+-------------------------------------------
     0 | D:1      | Dabor the Hill Orc Fighter began the quest for the Orb.
     0 | D:1      | Reached XP level 1. HP: 19/19 MP: 1/1
   233 | D:1      | Found a faded altar of an unknown god.
   274 | D:1      | Reached XP level 2. HP: 27/27 MP: 2/2
  1478 | D:2      | Reached XP level 3. HP: 22/33 MP: 3/3
  1608 | D:2      | Found a shimmering blue altar of Sif Muna.
  1798 | D:2      | Noticed Robin
  1809 | D:2      | Killed Robin
  1810 | D:2      | Reached XP level 4. HP: 19/40 MP: 4/4
  2107 | D:2      | Noticed Jessica
  2714 | D:2      | Killed Jessica
  2947 | D:3      | Became a worshipper of Beogh the Brigand
  2967 | D:3      | Reached skill level 1 in Dodging
  3077 | D:3      | Noticed Grinder
  3078 | D:3      | Paralysed by Grinder for 2 turns
  3103 | D:3      | Killed Grinder
  3104 | D:3      | Reached skill level 1 in Invocations
  3104 | D:3      | Reached XP level 5. HP: 22/47 MP: 4/6
  3104 | D:3      | Reached XP level 6. HP: 26/55 MP: 4/7
  3322 | D:3      | Noticed Pargi
  3325 | D:3      | Gained mutation: You expend magic power (3 MP) to
                  | strengthen your wands. [potion of mutation]
  3325 | D:3      | Gained mutation: You are resistant to electric shocks.
                  | (rElec) [potion of mutation]
  3325 | D:3      | Gained mutation: You are agile. (Dex +2) [potion of
                  | mutation]
  3343 | D:3      | Killed Pargi
  3344 | D:3      | Reached skill level 5 in Fighting
  3621 | D:3      | Found a runed translucent door.
  3622 | D:3      | Identified the +11 mace "Quhaes" {freeze, Int+2}
  3622 | D:3      | Noticed Crazy Yiuf
  3634 | D:3      | Killed Crazy Yiuf
  3836 | D:4      | Found Jomofica's Antique Armour Shop.
  3836 | D:4      | Found Jul Wiok's Antique Weapon Shop.
  3836 | D:4      | Found Xobyckeob's Weapon Shop.
  3838 | D:4      | Found Reuddia's Distillery.
  3927 | D:4      | Reached skill level 5 in Axes
  3927 | D:4      | Reached XP level 7. HP: 61/61 MP: 8/8
  4620 | D:5      | Entered Level 5 of the Dungeon
  4680 | D:5      | Reached skill level 5 in Armour
  4680 | D:5      | Reached skill level 5 in Shields
  4693 | D:5      | Noticed Ijyb
  4701 | D:5      | Killed Ijyb
  4702 | D:5      | Reached XP level 8. HP: 70/70 MP: 10/10
  4755 | D:5      | Reached * piety under Beogh
  5297 | D:6      | Identified the amulet "Asae" {RegenMP Regen+ Slay+3}
  5344 | D:6      | Found a staircase to the Ecumenical Temple.
  5345 | D:6      | Noticed Maggie
  5410 | D:6      | Killed Maggie
  5420 | D:6      | Killed from afar by a shadow imp

Illustrated notes

Levels and vault maps discovered:
D:1:      wheals_arrival_linesprint, layout_basic,
          dreamdust_ecumenical_altar_angels_and_demons
D:2:      layout_basic, basic_altar, minmay_tromino_i2, uniq_jessica, uniq_robin
D:3:      layout_rooms, uniq_grinder, uniq_crazy_yiuf_cottage, uniq_pargi
D:4:      layout_loops_corners, minmay_shop_grid_forest
D:5:      layout_basic, hangedman_abyss_or_decor_jellyfish_corner, uniq_ijyb
D:6:      layout_cave_pods, minmay_temple_entry_stoned_glass,
          serial_co_window_serial, co_window_paths_a, co_window_corner_a,
          co_window_of_opportunity_a, co_window_paths_a, co_window_corner_a,
          co_window_corner_ca, co_window_2corner, co_window_paths_c,
          co_window_of_opportunity_b, co_window_paths_d, glass_columns_a,
          glass_columns_b, glass_columns_a, glass_columns_a, glass_columns_c,
          serial_park_tiny_pond, uniq_maggie, uniq_pikel

Skill      XL: |  1  2  3  4  5  6  7  8 |
---------------+-------------------------+-----
Axes           | 3 4 5 6 |  6.6
Fighting       | 4 5 6 |  6.4
Armour         | 4 5 6 |  6.0
Shields        | 4 5 |  5.9
Dodging        | 1 2 3 |  3.2
Invocations    | 1 2 3 4 |  4.8

Action                   |  1- 3 |  4- 6 |  7- 9 || total
-------------------------+-------+-------+-------++-------
Melee: War axe           |    93 |    63 |       ||   156
       Mace              |       |     9 |    87 ||    96
Throw: Throwing net      |       |       |     1 ||     1
Invok: Convert to Beogh  |       |     1 |       ||     1
Evoke: Wand              |       |     1 |       ||     1
  Use: Potion            |       |     5 |     1 ||     6
       Scroll            |       |     1 |     1 ||     2
 Stab: Held in net/web   |       |       |     1 ||     1
Armor: Scale mail        |    57 |    39 |       ||    96
       Skin              |       |     1 |     2 ||     3
       Troll leather arm |       |       |    19 ||    19
Dodge: Dodged            |    55 |    40 |    30 ||   125
Block: Buckler           |    24 |    20 |    18 ||    62

Table legend: (Time is in decaauts)
 A = Elapsed time spent in this place.
 B = Non-inter-level travel time spent in this place.
 C = Inter-level travel time spent in this place.
 D = Time resting spent in this place.
 E = Time spent auto-exploring this place.
 F = Levels seen in this place.
 G = Mean time per level.
                   A        B        C        D        E       F      G
               +--------+--------+--------+--------+--------+-----+--------+
         Total |   5491 |   5109 |    382 |    283 |   4096 |   6 |  915.2 |
       Dungeon |   5491 |   5109 |    382 |    283 |   4096 |   6 |  915.2 |
               +--------+--------+--------+--------+--------+-----+--------+

Top non-repeatable levels by time:
     D:2: 1604 daAuts
     D:1: 1388 daAuts
     D:3: 904 daAuts
     D:4: 786 daAuts
     D:5: 632 daAuts
     D:6: 175 daAuts
